 Dungeon Sprint DCSS version 0.20-a0-876-g2c7b0bf (webtiles) character file.

253 esc the Skirmisher (level 5, 0/42 HPs)
             Began as a Demonspawn Berserker on Mar 15, 2017.
             Was a Follower of Trog.
             Slain by a neqoxec (10 damage)
             ... in the Dungeon (Sprint II: "The Violet Keep of Menkaure").
             The game lasted 00:00:29 (26 turns).

esc the Skirmisher (Demonspawn Berserker)             Turns: 26, Time: 00:00:30

Health: 0/42       AC:  2    Str: 18    XL:     5   Next: 90%
Magic:  5/5        EV: 15    Int:  8    God:    Trog [*.....]
Gold:   0          SH:  0    Dex: 13    Spells: 4/4 levels left

rFire    . . .     SeeInvis .   a - +0 falchion
rCold    . . .     Gourm    .   b - +0 animal skin
rNeg     . . .     Faith    .   (no shield)
rPois    .         Spirit   .   (no helmet)
rElec    .         Reflect  .   (no cloak)
rCorr    .         Harm     .   (no gloves)
MR       .....     NoTele   +   (no boots)
Stlth    +.........             (no amulet)
Regen    0.2/turn               (no ring)
MPRegen  0.1/turn               (no ring)

@: exhausted, slowed, very slow
A: claws 1, deterioration 1, frail 1, spiny 1
a: Berserk, Burn Spellbooks, Renounce Religion


You were in the Dungeon.
You worshipped Trog.
Trog was aware of your devotion.
You were not hungry.

You visited 1 branch

Inventory:

Hand Weapons
 a - a +0 falchion (weapon)
Armour
 b - a +0 animal skin (worn)
Scrolls
 i - a scroll of blinking {!r}
Potions
 d - a potion of curing
 e - a potion of heal wounds
 f - a potion of haste
 g - 2 potions of magic
 h - a potion of berserk rage {!q}
Comestibles
 c - a bread ration {@e1}


   Skills:
 + Level 6.8 Fighting
 + Level 6.1 Long Blades
 + Level 5.8 Armour
 + Level 5.9 Dodging


You had 4 spell levels left.
You didn't know any spells.

Dungeon Overview and Level Annotations

Branches:
Dungeon (1/1)

Altars:


Innate Abilities, Weirdness & Mutations

You have sharp fingernails.
You are partially covered in sharp spines.
Your body sometimes deteriorates upon taking damage.
You are frail. (-10% HP)


Message History

Welcome, esc the Demonspawn Berserker.
Trog says: Kill them all!
Found a staircase leading out of the dungeon.
You open the door. 2 hippogriffs come into view.
The hippogriff screeches!
Here: a hippogriff The floor.
You close the door.
You open the door. 4 neqoxecs come into view.
The neqoxec shouts! x4
A red film seems to cover your vision as you go berserk!
You feel yourself moving faster!
You feel mighty!
You feel quite a bit more hungry. The neqoxec hits you!
You now have 14/27 hp.
You hit the neqoxec. You closely miss the neqoxec.
The neqoxec barely misses you.
You slash the neqoxec! The neqoxec gestures at you.
Something tries to feed on your intellect!
You closely miss the neqoxec. The neqoxec gestures at you.
Strange energies course through your body.
You feel yourself wasting away.
You barely miss the neqoxec. You slash the neqoxec!
The neqoxec gestures at you.
Strange energies course through your body.
You feel frail. The neqoxec gestures at you.
Something tries to feed on your intellect!
You hit the neqoxec. The neqoxec barely misses you.
You slash the neqoxec!
You kill the neqoxec!
Trog accepts your kill.
Your Fighting skill gained 2 levels and is now at level 5!
Your Long Blades skill gained 3 levels and is now at level 5!
Your Armour skill gained 3 levels and is now at level 4!
Your Dodging skill gained 3 levels and is now at level 4!
You have reached level 2!
Your demonic ancestry asserts itself...
Your fingernails lengthen.
You have reached level 3!
Your experience leads to an increase in your attributes!
Your base attributes are Str 17, Int 8, Dex 12.
Increase (S)trength, (I)ntelligence, or (D)exterity?
You feel stronger.
You have reached level 4!
You feel agile.
Your demonic ancestry asserts itself...
Sharp spines emerge from parts of your body.
You regained 18 hp, and now have 32/52 hp.
MP restored: 4 You hit the neqoxec.
You hit the neqoxec. The neqoxec hits you.
You take 5 damage, and have 27/52 hp.
You hit the neqoxec. The neqoxec hits you!
Your body deteriorates!
You feel clumsy.
The neqoxec gestures.
You take 11 damage, and have 16/52 hp.
MASSIVE DAMAGE!!
You slash the neqoxec!
The neqoxec hits you but does no damage.
You barely miss the neqoxec.
The neqoxec gestures.
Unknown command.
You slash the neqoxec! The neqoxec is struck by your spines.
The neqoxec barely misses you.
You riposte.
You closely miss the neqoxec. You slash the neqoxec!
You kill the neqoxec!
Trog accepts your kill.
You feel your dexterity returning.
Your Fighting skill increases to level 6!
Your Long Blades skill increases to level 6!
Your Armour skill increases to level 5!
Your Dodging skill increases to level 5!
You have reached level 5!
You regained 3 hp, and now have 20/63 hp.
MP restored: 5 You are too berserk!
The neqoxec gestures.
You slash the neqoxec! The neqoxec barely misses you.
You slash the neqoxec! The neqoxec gestures at you.
Something tries to feed on your intellect!
You closely miss the neqoxec.
You are no longer berserk.
You are exhausted.
You feel yourself slow down.
You now have 14/42 hp.
Okay, then.
You hit the neqoxec. The neqoxec is struck by your spines.
The neqoxec hits you.
* * * LOW HITPOINT WARNING * * *
The crimson imp shouts, "Away with thee, thou twisted wibble-sucking boar-pig!"
The neqoxec hits you!
You die... ### ## 55##5 # 535

#. #3#
#H##@##
#+.<.+
#H##.##
#. #+#
#


You could see 2 neqoxecs, 3 iron imps, a crimson imp and a white imp.

Vanquished Creatures
  2 neqoxecs (D)
2 creatures vanquished.

Notes
Turn   | Place    | Note
-------+----------+-------------------------------------------
     0 | D        | esc the Demonspawn Berserker began the quest for the Orb.
     0 | D        | Reached XP level 1. HP: 18/18 MP: 1/1
     2 | D        | Noticed a hippogriff
     2 | D        | Noticed a hippogriff
     5 | D        | Noticed a neqoxec
     5 | D        | Noticed a neqoxec
     5 | D        | Noticed a neqoxec
     5 | D        | Noticed a neqoxec
    10 | D        | Gained mutation: Your body sometimes deteriorates upon taking damage. [a neqoxec]
    12 | D        | Gained mutation: You are frail. (-10% HP) [a neqoxec]
    14 | D        | Killed a neqoxec
    14 | D        | Reached skill level 5 in Fighting
    14 | D        | Reached skill level 5 in Long Blades
    14 | D        | Reached skill level 4 in Armour
    14 | D        | Reached skill level 4 in Dodging
    14 | D        | Gained mutation: You have sharp fingernails. [demonic ancestry]
    14 | D        | Reached XP level 2. HP: 22/24 MP: 2/2
    14 | D        | Reached XP level 3. HP: 26/29 MP: 3/3
    14 | D        | Gained mutation: You are partially covered in sharp spines. [demonic ancestry]
    14 | D        | Reached XP level 4. HP: 32/35 MP: 4/4
    21 | D        | Killed a neqoxec
    21 | D        | Reached skill level 6 in Fighting
    21 | D        | Reached skill level 6 in Long Blades
    21 | D        | Reached skill level 5 in Armour
    21 | D        | Reached skill level 5 in Dodging
    21 | D        | Reached XP level 5. HP: 20/42 MP: 5/5
    26 | D        | HP: 10/42 [neqoxec (4)]
    26 | D        | Slain by a neqoxec

Vault maps used:
D:        the_violet_keep_of_menkaure

Skill      XL: |  1  2  3  4 |
---------------+-------------+-----
Fighting       | 5 6 |  6.8
Long Blades    | 5 6 |  6.1
Armour         | 4 5 |  5.8
Dodging        | 4 5 |  5.9

Action                   |  1- 3 |  4- 6 || total
-------------------------+-------+-------++-------
Melee: Falchion          |     8 |    11 ||    19
Invok: Berserk           |     1 |       ||     1
Armor: Animal skin       |       |     1 ||     1
Dodge: Dodged            |     2 |     2 ||     4
       Rpst.: Falchion   |       |     1 ||     1

Vault maps used:
D:        the_violet_keep_of_menkaure

Table legend:
 A = Turns spent in this place as a percentage of turns spent in the entire game.
 B = Non-inter-level travel turns spent in this place as a percentage of non-inter-level travel turns spent in the entire game.
 C = Inter-level travel turns spent in this place as a percentage of turns spent in this place.
 D = Turns resting spent in this place as a percentage of non-inter-level travel turns spent in this place.
 E = Turns spent auto-exploring this place as a percentage of non-inter-level travel turns spent in this place.
 F = Non-inter-level travel turns spent in this place divided by the number of levels of this place that you've seen.
                   A       B       C       D       E      F
               +-------+-------+-------+-------+-------+----------------------
         Total | 100.0 | 100.0 |   0.0 |   0.0 |   0.0 |  31.0
       Dungeon | 100.0 | 100.0 |   0.0 |   0.0 |   0.0 |  31.0
               +-------+-------+-------+-------+-------+----------------------

Table legend:
 A = Kills in this place as a percentage of kills in entire the game.
 B = Kills by you in this place as a percentage of kills by you in the entire game.
 C = Kills by friends in this place as a percentage of kills by friends in the entire game.
 D = Other kills in this place as a percentage of other kills in the entire game.
 E = Experience gained in this place as a percentage of experience gained in the entire game.
 F = Experience gained in this place divided by the number of levels of this place that you have seen.
                   A       B       C       D       E      F
               +-------+-------+-------+-------+-------+----------------------
         Total | 100.0 | 100.0 |  -nan |  -nan | 100.0 | 362.0
       Dungeon | 100.0 | 100.0 |  -nan |  -nan | 100.0 | 362.0
               +-------+-------+-------+-------+-------+----------------------
